 Seeded DCSS version 0.31-a0-175-g9f7f995f2b (webtiles) character file.

Game seed: 13686468532733257171 (custom seed)

54 innerfire43 the Trooper (level 3, -3/29 HPs)
             Began as a Demonspawn Monk on June 17, 2023.
             Slain by a gnoll
             ... wielding a +0 flail
              (10 damage)
             ... on level 3 of the Dungeon.
             The game lasted 00:02:09 (1837 turns).

innerfire43 the Trooper (Demonspawn Monk)           Turns: 1837, Time: 00:02:09

Health: -3/29      AC:  4    Str: 13    XL:     3   Next: 66%
Magic:  3/3        EV: 13    Int: 11    God:
Gold:   146        SH:  0    Dex: 15    Spells: 2/2 levels left

rFire   . . .        j - +1 dagger (speed)
rCold   . . .        d - orb {light}
rNeg    . . .        b - +0 robe
rPois   .            l - +0 helmet
rElec   .            (no cloak)
rCorr   .            f - +0 pair of gloves
SInv    .            (no boots)
Will    .....        (no amulet)
Stlth   +            (no ring)
HPRegen 0.24/turn    (no ring)
MPRegen 0.08/turn

%: no passive effects
@: confused, ambrosia-drunk, hasted, glowing, very quick
A: foul stench 1
a: no special abilities


You were on level 3 of the Dungeon.
You visited 1 branch of the dungeon, and saw 3 of its levels.

You collected 146 gold pieces.

Inventory:

Hand Weapons
 a - a +0 short sword
 j - a +1 dagger of speed (weapon)
Armour
 b - a +0 robe (worn)
 d - an orb of light (worn)
 f - a +0 pair of gloves (worn)
 l - a +0 helmet (worn)
Jewellery
 o - a +5 ring of evasion
Scrolls
 e - a scroll of enchant armour {unknown}
 h - a scroll of immolation {unknown}
 i - a scroll of butterflies {unknown}
 m - 2 scrolls of identify {unknown}
 p - a scroll of noise {unknown}
 q - a scroll of revelation {unknown}


   Skills:
 + Level 3.4 Fighting
 + Level 3.4 Short Blades
 + Level 3.3 Dodging


You had 2 spell levels left.
You didn't know any spells.
Your spell library contained the following spells:

 Spells                   Type           Power      Damage    Failure   Level
 Gell's Gravitas          Tloc           0%         N/A       71%         3
 Teleport Other           Tloc           0%         N/A       71%         3
 Petrify                  Tmut/Erth      0%         N/A       98%         4
 Metabolic Englaciation   Hex/Ice        0%         N/A       100%        5
 Dispersal                Tloc           0%         N/A       100%        6
 Statue Form              Tmut/Erth      0%         N/A       100%        6


Dungeon Overview and Level Annotations

Branches:
Dungeon (3/15)

Altars:


Innate Abilities, Weirdness & Mutations

You may rarely emit foul miasma when damaged in melee.


Message History

You hit the gnoll but do no damage.
The gnoll is lightly wounded.
The bat hits you but does no damage.
You hit the gnoll but do no damage.
The gnoll is lightly wounded.
The gnoll misses you. The gnoll barely misses you.
The orc wizard hits you but does no damage.
The gnoll hits you with a +0 club.
* * * LOW HITPOINT WARNING * * *
The orc completely misses you.
It was a potion of heal wounds.
You feel much better. The bat barely misses you. The bat misses you.
The gnoll hits you with a +0 flail!
The orc wizard hits you with a +0 dagger.
The gnoll completely misses you. The gnoll hits you with a +0 club.
* * * LOW HITPOINT WARNING * * *
The orc misses you.
You feel much better. The gnoll hits you with a +0 flail!
The orc wizard hits you with a +0 dagger.
The gnoll hits you with a +0 club. The gnoll completely misses you.
The orc closely misses you.
You feel much better. The bat closely misses you.
The gnoll hits you with a +0 flail. The orc wizard casts a spell at you.
You are confused.
The gnoll hits you with a +0 club. The gnoll barely misses you.
The orc hits you with a +0 mace.
You are more confused.
You feel invigorated. The gnoll hits you with a +0 flail!
The gnoll barely misses you.
The orc wizard hits you with a +0 dagger.
The gnoll barely misses you. The orc misses you. The bat barely misses you.
It was a potion of haste.
You feel yourself speed up. The bat hits you but does no damage.
The gnoll closely misses you. The orc wizard barely misses you.
The gnoll hits you with a +0 club. x2
* * * LOW HITPOINT WARNING * * *
The orc barely misses you.
It was a potion of magic.
Magic courses through your body. The gnoll hits you with a +0 flail!
You die...

##.#...... .....
......#.... .....
................
..........#....
..........#..#
.............#
........#o.###...
......ggoo.......
......g@o########
......b#.#
.........#
........##
........ ........
)....... ........


You could see 2 orc wizards, 3 gnolls, 2 orcs and a bat.

Vanquished Creatures
  An adder (D:2)
  2 dart slugs
  5 bats
  4 endoplasms
  A giant cockroach (D:1)
  4 goblins
  4 hobgoblins
  3 jackals (D:2)
  4 kobolds
  A quokka (D:2)
  3 ball pythons
  3 frilled lizards
35 creatures vanquished.

Notes
Turn   | Place    | Note
-------+----------+-------------------------------------------
     0 | D:1      | innerfire43 the Demonspawn Monk began the quest for the
                  | Orb.
     0 | D:1      | Reached XP level 1. HP: 18/18 MP: 1/1
    60 | D:1      | Gained mutation: You may rarely emit foul miasma when
                  | damaged in melee. [demonic ancestry]
    60 | D:1      | Reached XP level 2. HP: 17/24 MP: 2/2
  1049 | D:2      | Reached XP level 3. HP: 29/29 MP: 3/3
  1831 | D:3      | HP: 1/29 [gnoll/+0 club (5)]
  1837 | D:3      | Slain by a gnoll

Illustrated notes

Levels and vault maps discovered:
D:1:      lordsloth_arrival_two_stooges, layout_basic, serial_corexii_hall,
          corexii_hall_statues_l, corexii_hall_statues_x
D:2:      layout_loops_corners, minmay_tall_x
D:3:      layout_rooms, minmay_randomly_rotated_circles

Skill      XL: |  1  2 |
---------------+-------+-----
Short Blades   | 3 |  3.4
Dodging        | 3 |  3.3
Fighting       | |  3.4

Action                     || total
---------------------------++-------
  Melee: Short sword       ||    26
         Dagger            ||   113
    Use: Potion            ||     6
 Armour: Robe              ||    38
  Dodge: Dodged            ||    94

Table legend: (Time is in decaauts)
 A = Elapsed time spent in this place.
 B = Non-inter-level travel time spent in this place.
 C = Inter-level travel time spent in this place.
 D = Time resting spent in this place.
 E = Time spent auto-exploring this place.
 F = Levels seen in this place.
 G = Mean time per level.
                   A        B        C        D        E       F      G
               +--------+--------+--------+--------+--------+-----+--------+
         Total |   1782 |   1690 |     92 |      0 |   1442 |   3 |  594.0 |
       Dungeon |   1782 |   1690 |     92 |      0 |   1442 |   3 |  594.0 |
               +--------+--------+--------+--------+--------+-----+--------+

Top non-repeatable levels by time:
     D:1: 919 daAuts
     D:2: 844 daAuts
     D:3: 18 daAuts
